 Dungeon Crawl Stone Soup version 0.17.0-28-g6e173f8 (webtiles) character file.

1763 dohliylev the Ducker (level 8, 80/80 HPs)
             Began as a Troll Berserker on Nov 22, 2015.
             Was a Believer of Trog.
             Starved to death
             ... on level 5 of the Dungeon.
             The game lasted 01:23:21 (4874 turns).

dohliylev the Ducker (Troll Berserker)              Turns: 4874, Time: 01:23:23

Health: 80/80      AC: 10    Str: 27    XL:     8   Next: 79%
Magic:  7/7        EV: 12    Int:  3    God:    Trog [**....]
Gold:   264        SH:  0    Dex: 10    Spells: 0 memorised, 7 levels left

rFire  . . .     SeeInvis .     a - +4 hand axe
rCold  . . .     Clarity  .     b - +2 animal skin
rNeg   . . .     SustAt   .     (no shield)
rPois  +         Gourm    +     (helmet restricted)
rElec  .         Spirit   .     r - +2 cloak
rCorr  .         Warding  .     (gloves unavailable)
rMut   .         Stasis   .     (boots unavailable)
MR     .....                    i - amulet of regeneration
Stlth  +.........               D - ring of poison resistance
                                t - ring of poison resistance

@: fainting, not resistant to hostile enchantments, very unstealthy
A: unfitting armour, claws 3, fast metabolism 3, gourmand, regeneration 2,
shaggy fur 1, tough skin 2
a: Berserk, Trog's Hand, Burn Spellbooks, Renounce Religion


You were on level 5 of the Dungeon.
You worshipped Trog.
Trog was pleased with you.
You were fainting.

You visited 2 branches of the dungeon, and saw 6 of its levels.
You also visited: Sewer.

You collected 264 gold pieces.

Inventory:

Hand Weapons
 a - a +4 hand axe (weapon)
 q - a +0 hunting sling of freezing
 B - a +0 shortbow
Missiles
 f - 66 bolts
 l - 27 arrows
 p - 141 stones (quivered)
 A - 16 poisoned arrows
 E - 37 poisoned needles
Armour
 b - a +2 animal skin (worn)
 r - a +2 cloak (worn)
Jewellery
 h - an uncursed amulet of stasis
 i - an amulet of regeneration (around neck)
 t - a ring of poison resistance (left claw)
 D - a ring of poison resistance (right claw)
Wands
 m - a wand of fireball (10)
Scrolls
 e - a scroll of recharging
 k - a scroll of noise
 y - 2 scrolls of teleportation
 z - 2 scrolls of remove curse
 C - 2 scrolls of amnesia {unknown}
 G - a scroll of enchant armour
 J - a scroll of random uselessness {unknown}
Potions
 n - 3 potions of curing {unknown}
 s - 2 potions of haste {unknown}
 u - a potion of mutation {unknown}
 v - a potion of cure mutation {unknown}
 w - a potion of cancellation {unknown}
 x - a potion of agility {unknown}
Comestibles
 c - 6 bread rations
 d - 3 meat rations
 g - a slice of pizza
 o - a beef jerky
 F - 5 fruits


   Skills:
 + Level 5.2 Fighting
 + Level 5.2 Axes
 * Level 2.5 Armour
 + Level 6.3 Dodging
 + Level 1.4 Stealth


You had 7 spell levels left.
You didn't know any spells.

Dungeon Overview and Level Annotations

Branches:
Dungeon (5/15)             Temple (1/1) D:4

Altars:
Ashenzari
Cheibriados
Dithmenos
Elyvilon
Fedhas
Gozag
Qazlal
Ru
Trog
Vehumet
Xom
Zin
Jiyva

Shops:
D:5 }


Innate Abilities, Weirdness & Mutations

You are too large for most types of armour.
You have claws for hands.
Your metabolism is lightning-fast.
You like to eat raw meat.
You heal very quickly.
You are covered in fur (AC +1).
You have very tough skin (AC +2).


Message History

You hit the plant but do no damage.
The plant is heavily damaged.
You hit the plant but do no damage.
The plant is heavily damaged.
You slash the plant!
The plant is heavily damaged.
You hit the plant but do no damage.
The plant is heavily damaged.
You lose consciousness!
You can move again.
You enter the shallow water.
Moving in this stuff is going to be slow.
You hit the plant.
The plant is lightly damaged.
You hit the plant.
The plant is lightly damaged.
You hit the plant but do no damage.
The plant is lightly damaged.
You have starved to death.
You die...

.....####....##########...####...
..)..'.......................'.<.
.#######################[.####...
.#,,,,,,*♣P*PP♣PP#♣PP#P#.## ##..
.#,,,,,,,.P.♣PPPPPPPPP*#.# ##.
.#,*,,,,,,#P#PP.,PPPP,,#.# ##
'#,,,,,,,P♣.P♣PP#♣.♣*♣♣#.# #
.#,,,,,,,.......PPP♣#.P###
.#,,,,*,,.≈≈.≈≈.@PPPPPP#
.#*,,,*,,≈≈≈.≈≈≈..#P#P.# #
.#,*,,,,≈≈≈≈.≈≈≈≈....P♣# ##
.#,,,*,≈≈≈≈≈.≈≈≈≈≈.♣PPP# #.
.#,,,♣.≈≈≈≈...≈≈≈≈.PPP♣##########
.#,,,P.≈≈≈≈._.≈≈≈≈.♣P.♣#.........
.#,*,P.≈≈≈≈...≈≈≈≈.♣P#P#*######.#
.#*,,P.≈≈≈≈≈≈≈≈≈≈≈...P## #.##
.#,*,P..≈≈≈≈≈≈≈≈≈...#PP# ##.#


There were no monsters in sight!

Vanquished Creatures
  Grinder (D:3)
  Sigmund (D:3)
  Menkaure (D:5)
  An ice beast (D:5)
  A centaur (D:5)
  An ogre (D:5)
  A sky beast (D:5)
  4 phantoms (D:5)
  2 centaur zombies (D:5)
  3 hounds
  A crimson imp (D:5)
  A jelly (D:5)
  An orc wizard (D:3)
  2 worker ants (D:5)
  Jessica (D:2)
  Terence (D:3)
  2 iguanas (D:4)
  Natasha (twice) (D:3 D:2)
  6 adders
  An ooze (D:2)
  2 worms
  2 adder skeletons (D:4)
  5 giant geckos
  4 orcs
  2 ball pythons
  8 bats
  5 giant cockroaches
  9 hobgoblins
  A giant newt (D:2)
  10 goblins
  15 jackals
  A jackal skeleton (D:3)
  A jackal zombie (D:5)
  6 kobolds
  4 rats
  A fungus (D:5)
  A plant (D:5)
111 creatures vanquished.

Vanquished Creatures (others)
  11 toadstools (D:5)
11 creatures vanquished.

Grand Total: 122 creatures vanquished

Notes
Turn   | Place    | Note
--------------------------------------------------------------
     0 | D:1      | dohliylev the Troll Berserker began the quest for the Orb.
     0 | D:1      | Reached XP level 1. HP: 22/22 MP: 0/0
   356 | D:1      | Reached XP level 2. HP: 29/29 MP: 1/1
   849 | D:1      | Reached ** piety under Trog
  1009 | D:2      | Reached XP level 3. HP: 31/36 MP: 2/2
  1136 | D:2      | Found a shimmering altar of Xom.
  1173 | D:2      | Found a white marble altar of Elyvilon.
  1189 | D:2      | Reached skill level 3 in Dodging
  1371 | D:2      | Noticed Jessica
  1378 | D:2      | Killed Jessica
  1378 | D:2      | Reached XP level 4. HP: 36/44 MP: 3/3
  1512 | D:2      | Found a bloodstained altar of Trog.
  1718 | D:3      | Noticed Grinder
  1755 | D:3      | Paralysed by Grinder for 2 turns
  1782 | D:3      | Noticed Terence
  1806 | D:3      | Paralysed by Grinder for 5 turns
  1860 | D:3      | Killed Terence
  1898 | D:4      | Found a staircase to the Ecumenical Temple.
  1902 | Temple   | Entered the Ecumenical Temple
  2030 | D:4      | Reached XP level 5. HP: 53/53 MP: 4/4
  2670 | D:3      | Killed Grinder
  2670 | D:3      | Reached skill level 4 in Dodging
  2670 | D:3      | Reached XP level 6. HP: 36/62 MP: 5/5
  2757 | D:3      | Reached skill level 1 in Stealth
  2775 | D:3      | HP: 3/62 [something (5)]
  2952 | D:3      | Found a radiant altar of Vehumet.
  3142 | D:3      | Noticed Natasha
  3151 | D:3      | Killed Natasha
  3151 | D:3      | Reached XP level 7. HP: 47/68 MP: 6/6
  3172 | D:3      | Noticed Sigmund
  3238 | D:3      | Noticed Natasha
  3257 | D:2      | Killed Natasha
  3386 | D:3      | Killed Sigmund
  3386 | D:3      | Reached skill level 5 in Dodging
  3581 | D:5      | Entered Level 5 of the Dungeon
  3581 | D:5      | Noticed Menkaure
  3593 | D:5      | Killed Menkaure
  3622 | D:5      | Found Uwecut's Gadget Emporium.
  3842 | D:5      | Reached skill level 1 in Armour
  3842 | D:5      | Reached XP level 8. HP: 53/79 MP: 7/7
  4112 | D:5      | Found a glowing drain.
  4134 | Sewer    | Entered a sewer
  4249 | D:5      | Reached skill level 5 in Fighting
  4249 | D:5      | Reached skill level 6 in Dodging
  4367 | D:5      | Found a glowing silver altar of Zin.
  4369 | D:5      | Found a snail-covered altar of Cheibriados.
  4501 | D:5      | Reached skill level 5 in Axes
  4764 | D:5      | Found a blossoming altar of Fedhas.
  4874 | D:5      | Starved to death

Action                   |  1- 3 |  4- 6 |  7- 9 || total
-------------------------+-------+-------+-------++-------
Melee: Hand axe          |   115 |   183 |   226 ||   524
Invok: Berserk           |     2 |     1 |     1 ||     4
       Trog's Hand       |     1 |     3 |     5 ||     9
Evoke: Wand              |       |       |     1 ||     1
  Use: Scroll            |     1 |       |    13 ||    14
       Potion            |       |     1 |       ||     1
 Stab: Sleeping          |     1 |     1 |     1 ||     3
  Eat: Chunk             |    18 |    21 |     7 ||    46
